 Dungeon Crawl Stone Soup version 0.32-a0-995-gb4a59205af (console) character file.

Game seed: 7045474324115117099

5 petzl the Sneak (level 1, 0/18 HPs)
             Began as a Formicid Delver on Apr 22, 2024.
             Slain by an ufetubus (3 damage)
             ... on level 5 of the Dungeon.
             The game lasted 00:00:14 (32 turns).

petzl the Sneak (Formicid Delver)                     Turns: 32, Time: 00:00:14

Health: 0/18       AC:  3    Str: 16    XL:     1   Next: 88%
Magic:  1/1        EV: 11    Int:  9    God:
Gold:   0          SH:  0    Dex: 15    Spells: 0/0 levels left

rFire   . . .        a - +0 mace
rCold   . . .        (no shield)
rNeg    . . .        b - +0 leather armour
rPois   .            (helmet unavailable)
rElec   .            (no cloak)
rCorr   .            (no gloves)
SInv    +            (no boots)
Will    .....        (no amulet)
Stlth   +++          (no ring)
HPRegen 0.23/turn    (no ring)
MPRegen 0.07/turn

%: no passive effects
@: no status effects
A: permanent stasis, dig shafts and tunnels, antennae 3, four strong arms
a: Dig, Shaft Self


You were on level 5 of the Dungeon.
You visited 1 branch of the dungeon, and saw 1 of its levels.

Inventory:

Hand Weapons
 a - a +0 mace (weapon)
Armour
 b - a +0 leather armour (worn)
Wands
 f - a wand of digging (3)
Scrolls
 c - a scroll of fog
 d - a scroll of revelation
 e - a scroll of fear


   Skills:
 + Level 3.4 Fighting
 + Level 2.1 Maces & Flails
 + Level 1.9 Dodging
 + Level 6.1 Stealth


You couldn't memorise any spells.
You didn't know any spells.
Your spell library was empty.

Dungeon Overview and Level Annotations

Branches:
Dungeon (5/15)
 Temple: D:4-7

Altars:

Annotations:
D:5 exclusion: scorpion


Innate Abilities, Weirdness & Mutations

You cannot be hasted, slowed, berserked, paralysed or teleported.
You can dig through walls and to a lower floor.
You have a pair of large antennae on your head. (SInv)
Your four strong arms can wield two-handed weapons with a shield.


Message History

Welcome, petzl the Formicid Delver.
It's a long way down to the Orb of Zot, but that shouldn't be any trouble.
Press ? for a list of commands and other information.
Found an escape hatch in the floor.
Found a stone staircase leading down.
A scorpion comes into view.
Found a scroll labelled CUV TUDUNAYCU.
Press: ? - help, v - describe, . - travel
Here: a scorpion (asleep)
The floor.
Placed new exclusion.
Unknown command.
You sense a monster nearby. 2 ufetubi come into view.
Found 23 gold pieces.
The ufetubus shouts! x2; You hear a distant slurping noise.
You hit the ufetubus.
The ufetubus is moderately wounded.
The ufetubus hits you.
The ufetubus hits you but does no damage. x2
The ufetubus closely misses you.
You thump the ufetubus!
You kill the ufetubus!
The ufetubus completely misses you. The ufetubus closely misses you.
You completely miss the ufetubus. The ufetubus hits you. x2
The ufetubus slips past you!
The ufetubus hits you but does no damage.
The ufetubus hits you.
The ufetubus hits you but does no damage.
The ufetubus misses you. The ufetubus hits you. x2
You hit the ufetubus but do no damage. The ufetubus barely misses you.
The ufetubus hits you. The ufetubus closely misses you. The ufetubus hits you.
* * * LOW HITPOINT WARNING * * *
You miss the ufetubus. The ufetubus barely misses you. x2
The ufetubus hits you.
* * * LOW HITPOINT WARNING * * *
The ufetubus misses you.
You barely miss the ufetubus. The ufetubus hits you.
You die...

##########.#
#.....$....#
#..........#
#..........#
#..........#
#..........#
#.....$....#
#+#.#####.#
.###..@5.....#
#........######
#####....# ###
#....# #..
#....#######.#
#.........##.#
#...###....#>#
#...# #.....>##
#... #.......#
...?. #....#..#
##....
####.#..# #....
#.#..# #s...
#.#... #.#..#.
#.#..#.# ..#..#
# ###


You could see an ufetubus.

Vanquished Creatures
  An ufetubus (D:5)
1 creature vanquished.

Notes
Turn   | Place    | Note
-------+----------+-------------------------------------------
     0 | D:5      | petzl the Formicid Delver began the quest for the Orb.
     0 | D:5      | Reached XP level 1. HP: 18/18 MP: 1/1
    11 | D:5      | Noticed a scorpion
    32 | D:5      | Slain by an ufetubus

Illustrated notes

Levels and vault maps discovered:
D:5:      layout_basic, uniq_pikel, uniq_prince_ribbit1, uniq_blork_the_orc

Action                     || total
---------------------------++-------
  Melee: Mace              ||     6
 Armour: Leather armour    ||    14
  Dodge: Dodged            ||     9

Table legend: (Time is in decaauts)
 A = Elapsed time spent in this place.
 B = Non-inter-level travel time spent in this place.
 C = Inter-level travel time spent in this place.
 D = Time resting spent in this place.
 E = Time spent auto-exploring this place.
 F = Levels seen in this place.
 G = Mean time per level.
                   A        B        C        D        E       F      G
               +--------+--------+--------+--------+--------+-----+--------+
         Total |     33 |     33 |      0 |      0 |     14 |   1 |   33.0 |
       Dungeon |     33 |     33 |      0 |      0 |     14 |   1 |   33.0 |
               +--------+--------+--------+--------+--------+-----+--------+

Top non-repeatable levels by time:
     D:5: 33 daAuts
